AoeStats
← RagnarLothbrok

Arabia

510217592Analyzed
4v4 RM · 1d ago on Sep 30, 2026· 26m 53s· 8 players
Game mode
Random Map
Map size
Large (8 player)
Population
200
Speed
Normal
Resources
Standard
Victory
Conquest
Starting age
Dark Age
Ending age
Imperial Age
RankedLock teamsTeams togetherTeam positionsShared explorationLock speedFull tech treeHidden civsTurbo modeCheats
Victory
Defeat
🇺🇾 Georgians · Uruguay
1441
+10
🇨🇴 Vietnamese · Colombia
1326
+14
🇦🇷 Shu · Argentina
1323
+14
🇨🇴 Persians · Colombia
1315
+15
🇫🇷 Mongols · France
1344
-15
🇻🇪 Franks · Venezuela
1308
-14
🇨🇳 Magyars · China
1262
-12
🇬🇧 Japanese · United Kingdom
1260
-12
Sheepeehs
8:57 Loom
12:08 Feudal Age
12:42 Double-Bit Axe
12:38 Horse Collar
RagnarLothbrok
1:19 Loom
6:22 Loom
9:14 Feudal Age
9:45 Double-Bit Axe
17:02 Forging
17:28 Scale Barding Armor
19:50 Wheelbarrow
23:49 Castle Age
Cryptomage
8:29 Loom
11:03 Feudal Age
12:54 Double-Bit Axe
帝国时代2--叶枫
5:16 Loom
12:06 Feudal Age
12:44 Horse Collar
12:49 Double-Bit Axe
21:53 Castle Age
20:47 Scale Barding Armor
22:10 Gold Mining
23:07 Chain Barding Armor
23:26 Husbandry
26:25 Bloodlines
INK | Papa pitufo
6:16 Loom
8:58 Feudal Age
21:27 Castle Age
21:04 Bloodlines
21:59 Scale Barding Armor
22:05 Forging
21:50 Double-Bit Axe
22:43 Husbandry
23:06 Chain Barding Armor
INK | LaPulga
7:21 Loom
9:47 Feudal Age
11:20 Double-Bit Axe
14:34 Fletching
17:36 Horse Collar
20:50 Wheelbarrow
20:36 Town Watch
25:16 Castle Age
23:23 Gold Mining
25:28 Crossbowman
26:04 Bodkin Arrow
26:23 Bow Saw
26:22 Thumb Ring
INK | La Bestia
9:04 Feudal Age
11:45 Horse Collar
15:10 Double-Bit Axe
19:20 Scale Barding Armor
23:10 Castle Age
21:57 Bloodlines
22:37 Forging
22:20 Loom
24:15 Chain Barding Armor
23:48 Light Cavalry
25:38 Bow Saw
27:13 Town Watch
INK | Goku
5:26 Loom
9:35 Feudal Age
10:09 Double-Bit Axe
15:55 Fletching
18:39 Padded Archer Armor
24:07 Castle Age
22:16 Gold Mining
24:23 Crossbowman
25:08 Thumb Ring
25:30 Pikeman
Connection lost

Rejoining the realm…

Still unreachable

The connection could not be restored.

Session expired

The server has moved on; the page needs a fresh start.